cohdb
Replays
Latest Replays
All Replays
Popular Replays
Top Player Replays
Match Explorer
How It Works
Community
CoH3 Stats
Reddit
Sign in to upload your games and track your stats! →
Sign in with Steam
Match 42553471
Unlisted
Match 42553471
Overview
Messages
Build Orders
End
Construct Infanterie Kompanie
Kettenkrad Recon Vehicle
MG 42 Machine Gun Team
Grenadier Squad
Grenadier Squad
MG 42 Machine Gun Team
Construct Luftwaffe Kompanie
Support Elements
Kettenkrad Recon Vehicle
Jäger Squad
Jäger Squad
Wirbelwind Flakpanzer
Selects Mechanized Battlegroup
Selects Mobile Repair Stations
Selects Wespe Self-propelled Artillery
Wespe Self-propelled Artillery
Kettenkrad Recon Vehicle
Medical Bunker
Jäger Squad
Jäger Squad
Pioneer Squad
Selects Raid Package
Selects StuG Assault Group
Wespe Self-propelled Artillery
Luftwaffe Officer Quarters
Selects UNKNOWN (2160084)
Selects Zeroing Artillery Barrage
Construct Panzer Kompanie
Jäger Squad
Stoßtruppen Squad
Stoßtruppen Squad
Panzer Officer Quarters
Zeroing Artillery Barrage
chendulin
Town center attack
matjouz
Sarmynation
0
0
Comments
sign in to comment!
No comments posted yet!